 Dungeon Sprint DCSS version 0.19-a0-1442-g3b32ff5 (webtiles) character file.

54 poirepourri the Fighter (level 6, -4/48 HPs)
             Began as a Gargoyle Fighter on Sept 5, 2016.
             Was a Believer of Cheibriados.
             Slain by an orc warrior
             ... wielding a +2 trident of venom
              (17 damage)
             ... in the Dungeon (Sprint VI: "Thunderdome").
             The game lasted 00:01:27 (269 turns).

poirepourri the Fighter (Gargoyle Fighter)           Turns: 269, Time: 00:01:28

Health: -4/48      AC: 11    Str: 26    XL:     6   Next: 33%
Magic:  3/6        EV: 11    Int: 14    God:    Cheibriados [**....]
Gold:   280        SH: 10    Dex: 14    Spells: 0 memorised, 5 levels left

rFire  . . .     SeeInvis .     a - +0 flail
rCold  . . .     Gourm    .     b - +0 scale mail
rNeg   + . .     Faith    .     c - +0 shield
rPois  ∞         Spirit   .     (no helmet)
rElec  +         Dismiss  .     (no cloak)
rCorr  .         Reflect  .     (no gloves)
MR     .....     Harm     .     (no boots)
Stlth  .......... NoTele   +    (no amulet)
                                (no ring)
                                (no ring)

@: very slow
A: negative energy resistance 1, electricity resistance, unbreathing,
petrification resistance, rot immunity, AC +4
a: Bend Time, Renounce Religion


You were in the Dungeon.
You worshipped Cheibriados.
Cheibriados was pleased with you.
You were not hungry.

You visited 1 branch You collected 280 gold pieces.

Inventory:

Hand Weapons
 a - a +0 flail (weapon)
Armour
 b - a +0 scale mail (worn)
 c - a +0 shield (worn)
Wands
 m - a wand of acid (5/15)
 n - a wand of iceblast (5/15)
Scrolls
 k - 4 scrolls of blinking
 o - 3 scrolls of fog
Potions
 e - a potion of curing
 h - 4 potions of haste
 i - 2 potions of magic
 j - a potion of berserk rage
 l - a potion of resistance
Comestibles
 f - a bread ration


   Skills:
 + Level 10.2 Fighting
 + Level 5.9 Maces & Flails
 - Level 3.2 Armour
 + Level 5.9 Dodging
 - Level 3.2 Shields


You had 5 spell levels left.
You didn't know any spells.

Dungeon Overview and Level Annotations

Branches:
Dungeon (1/1)

Altars:
Cheibriados
Dithmenos
Fedhas
Gozag
Kikubaaqudgha
Makhleb
Okawaru
Qazlal
Ru
Sif Muna
Trog
Uskayaw
Vehumet
Xom
Yredelemnul
Zin
The Shining One
Beogh
Jiyva
Lugonu

Shops:
D *[%??*?*:[((!!!!


Innate Abilities, Weirdness & Mutations

You are resistant to torment.
Your stone body is resilient. (AC +4)
You are immune to poison.
You resist negative energy. (rN+)
You are resistant to electric shocks. (rElec)
You can survive without breathing.
You are immune to petrification.
You are immune to rotting.


Message History

The flow of time bends around you.
Cheibriados rebukes the orc warrior.
The orc warrior seems to slow down.
You feel slightly more hungry.
Cheibriados lowers the support of your attributes as your movement quickens.
The orc warrior hits you with a trident of venom!
Your shield and scale mail prevent you from hitting the orc warrior.
The orc warrior barely misses you.
You hit the orc warrior.
The orc warrior is moderately wounded.
The orc warrior hits you with a trident of venom!
* * * LOW HITPOINT WARNING * * *
You hit the orc warrior but do no damage.
The orc warrior is moderately wounded.
You hit the orc warrior.
The orc warrior is heavily wounded.
You block the orc warrior's attack.
You hit the orc warrior.
The orc warrior is heavily wounded.
The orc warrior hits you with a trident of venom!
You die...

___......###......___∩##
.......8.# #.8........∩##
.........###.............
......###...###..........
......# #.<.# #..........
......###...###..........
.........###.............
.......8.# #.8.†......∩#
_._......###.††.@._._∩##
####.8.........8o######
#⌠...........⌠#
###.........###
#_......._# #_†......_#
#_......._# #∩..†....∩#
##∩.....∩##


You could see an orc warrior.

Vanquished Creatures
  A porcupine (D)
  Purgy (D)
  A scorpion (D)
  A hell rat (D)
  2 river rats (D)
  A worm (D)
  3 giant cockroaches (D)
  A rat (D)
11 creatures vanquished.

Notes
Turn   | Place    | Note
-------+----------+-------------------------------------------
     0 | D        | poirepourri the Gargoyle Fighter began the quest for the Orb.
     0 | D        | Reached XP level 1. HP: 14/14 MP: 1/1
     4 | D        | Found an ancient bone altar of Kikubaaqudgha.
     4 | D        | Found a roughly hewn altar of Beogh.
     5 | D        | Found an opulent altar of Gozag.
     5 | D        | Round 1.
     6 | D        | Found a stormy altar of Qazlal.
     6 | D        | Found a bloodstained altar of Trog.
     7 | D        | Found a hide-covered altar of Uskayaw.
     7 | D        | Found a blossoming altar of Fedhas.
     7 | D        | Found Suana's Weapon Rack.
     7 | D        | Found Teub's Premium Goods.
     8 | D        | Found Poineidahe's Basic Armour.
     8 | D        | Found Keshum's Miscellaneous Merchandise.
    10 | D        | Found a basalt altar of Yredelemnul.
    12 | D        | Found Fockideh's Do-It-Yourself Clinic.
    14 | D        | Found a burning altar of Makhleb.
    14 | D        | Found an iron altar of Okawaru.
    14 | D        | Found a glowing golden altar of the Shining One.
    14 | D        | Found Uduhyfy's Distillery.
    16 | D        | Found Zomelo's Bottled Wisdom.
    16 | D        | Found Kergh's Distillery.
    21 | D        | Found a deep blue altar of Sif Muna.
    23 | D        | Reached skill level 4 in Fighting
    24 | D        | Found a shimmering altar of Xom.
    25 | D        | Found Eplethay's Staff Store.
    27 | D        | Found Suskiphe's Must-Have Magic.
    27 | D        | Found Neyn's Magic Scroll Shop.
    28 | D        | Found a shadowy altar of Dithmenos.
    28 | D        | Found a snail-covered altar of Cheibriados.
    28 | D        | Found Vadoutel's Magic Scroll Shop.
    34 | D        | Found a corrupted altar of Lugonu.
    35 | D        | Noticed a scorpion
    54 | D        | Killed a scorpion
    54 | D        | Reached skill level 6 in Fighting
    54 | D        | Reached XP level 2. HP: 11/23 MP: 2/2
    54 | D        | Reached XP level 3. HP: 14/28 MP: 3/3
    61 | D        | Became a worshipper of Cheibriados the Contemplative
    65 | D        | Found a sacrificial altar of Ru.
    66 | D        | Found a viscous altar of Jiyva.
    69 | D        | Reached skill level 7 in Fighting
   104 | D        | Arena points: 12 (+12) [x2]
   120 | D        | Found Fawyac's Bee Food.
   122 | D        | Found Ishriaseo's Jewellery.
   122 | D        | Found Himur's Advanced Armour.
   123 | D        | Found a radiant altar of Vehumet.
   123 | D        | Found a glowing silver altar of Zin.
   123 | D        | Found Sumnilomn's Identification Station.
   154 | D        | Round 2.
   167 | D        | Noticed Purgy
   168 | D        | Reached * piety under Cheibriados
   168 | D        | Reached XP level 4. HP: 24/34 MP: 4/4
   181 | D        | Killed Purgy
   181 | D        | Reached skill level 9 in Fighting
   181 | D        | Reached XP level 5. HP: 24/41 MP: 5/5
   192 | D        | Reached ** piety under Cheibriados
   192 | D        | Reached skill level 5 in Maces & Flails
   207 | D        | Noticed a porcupine
   224 | D        | Killed a porcupine
   224 | D        | Arena points: 54 (+42) [x3]
   224 | D        | Reached skill level 10 in Fighting
   224 | D        | Reached skill level 5 in Dodging
   224 | D        | Reached XP level 6. HP: 9/48 MP: 6/6
   256 | D        | Round 3.
   256 | D        | Noticed an orc warrior
   269 | D        | Slain by an orc warrior

Vault maps used:
D:        arena_sprint

Skill      XL: |  1  2  3  4  5 |
---------------+----------------+-----
Fighting       | 6 7 9 10 | 10.2
Maces & Flails | 3 4 5 |  5.9
Dodging        | 2 4 5 |  5.9
Armour         | |  3.2
Shields        | |  3.2

Action                   |  1- 3 |  4- 6 || total
-------------------------+-------+-------++-------
Melee: Flail             |    25 |    35 ||    60
Invok: Bend Time         |       |     1 ||     1
  Use: Potion            |     2 |     3 ||     5
Armor: Scale mail        |    22 |    21 ||    43
Dodge: Dodged            |    11 |    21 ||    32
Block: Shield            |    20 |    33 ||    53
